 Dungeon Crawl Stone Soup version 0.30-a0-777-ga9a30cbeda (webtiles) character file.

Game seed: 15626797041733559962

422 JEP50 the Cudgeller (level 6, -2/56 HPs)
             Began as a Minotaur Berserker on Feb 14, 2023.
             Was a Believer of Trog.
             Slain by Pikel
             ... wielding a +0 whip of freezing
              (3 damage)
             ... on level 4 of the Dungeon.
             The game lasted 00:16:33 (2660 turns).

JEP50 the Cudgeller (Minotaur Berserker)            Turns: 2660, Time: 00:16:33

Health: -2/56      AC: 13    Str: 23    XL:     6   Next: 63%
Magic:  5/5        EV:  8    Int:  4    God:    Trog [**....]
Gold:   161        SH:  0    Dex: 10    Spells: 5/5 levels left

rFire   + . .      SeeInvis .    T - +1 mace (heavy)
rCold   x . .      Faith    .    (no shield)
rNeg    . . .      Spirit   .    p - +0 plate armour
rPois   .          Reflect  .    (helmet restricted)
rElec   .          Harm     .    (no cloak)
rCorr   .          Rampage  .    g - +0 pair of gloves
Will    .....                    (no boots) Stlth
                                 (no amulet)
HPRegen 0.29/turn                k - ring of fire
MPRegen 0.09/turn                (no ring)

@: flying
A: horns 2, retaliatory headbutt, sturdy frame 1, devolution 1
a: Renounce Religion, Berserk, Trog's Hand


You were on level 4 of the Dungeon.
You worshipped Trog.
Trog was pleased with you.
You visited 1 branch of the dungeon, and saw 4 of its levels.

You collected 161 gold pieces.

Inventory:

Hand Weapons
 a - a +0 mace
 e - a +0 club
 h - a +0 club
 m - a +0 dagger
 n - a +0 club
 t - a +0 club
 u - a +0 short sword
 x - a +0 war axe
 y - a +0 mace
 z - a +0 scythe
 B - a +0 morningstar
 C - a +0 dagger
 E - a +3 short sword of venom
 F - a +0 hand axe
 H - a +0 hand axe
 I - a +0 whip
 K - a +2 flail of holy wrath
 M - a +0 trident
 T - a +1 heavy mace (weapon)
Missiles
 w - 16 stones (quivered)
Armour
 b - a +0 animal skin
 g - a +0 pair of gloves (worn)
 p - a +0 plate armour (worn)
 v - a +0 chain mail
 A - a +0 robe
 D - a +0 ring mail
 G - a +0 scale mail
 J - a +0 leather armour
 L - a +0 ring mail
 O - the +1 robe of Dogma {Int+4 SInv}
   (You found it on level 3 of the Dungeon)

   Int:       It affects your intelligence (+4).
   SInv:      It lets you see invisible.
 P - a +0 ring mail
Jewellery
 k - a ring of fire (left hand)
Scrolls
 c - a scroll of enchant armour {unknown}
 f - a scroll of fear {unknown}
 i - 3 scrolls of teleportation {unknown}
 r - 3 scrolls of identify {unknown}
 N - 2 scrolls of noise
 Q - a scroll of enchant weapon {unknown}
 S - a scroll of summoning {unknown}
Potions
 d - a potion of brilliance
 j - a potion of berserk rage {unknown}
 l - a potion of cancellation {unknown}
 o - 2 potions of curing {unknown}


   Skills:
 + Level 5.3 Fighting
 + Level 6.8 Maces & Flails
 + Level 4.2 Armour
 + Level 3.0 Dodging
 + Level 0.8 Stealth


You had 5 spell levels left.
You didn't know any spells.
Your spell library was empty.

Dungeon Overview and Level Annotations

Branches:
Dungeon (4/15)
 Temple: D:4-7

Altars:

Annotations:
D:4 Pikel


Innate Abilities, Weirdness & Mutations

You have a pair of horns on your head.
You reflexively headbutt those who attack you in melee.
Your movements are slightly less encumbered by armour. (ER -2)
You have hidden genetic defects.


Message History

You hear the sound of rushing water.
There is an entrance to a sewer on this level.
Hurry and find it before the portal rusts away!
Level annotation: Pikel Welcome back, JEP50 the Minotaur Berserker.
Trog says: Kill them all!
Press ? for a list of commands and other information.
You thump Pikel! Your headbutt misses Pikel.
Pikel is severely wounded.
The river rat bites you but does no damage.
The orc hits you but does no damage.
Pikel drinks a potion.
Pikel is healed!
The worm barely misses you. You furiously retaliate!
You headbutt the worm! You sock Pikel!
Pikel is heavily wounded.
The river rat barely misses you. You furiously retaliate!
You headbutt the river rat! Pikel hits you but does no damage.
The orc hits you but does no damage. x2
A river rat comes into view.
The river rat barely misses you. You furiously retaliate!
You headbutt the river rat. Pikel barely misses you. You furiously retaliate!
You headbutt Pikel! The worm bites you!
You miss Pikel.
Pikel is severely wounded.
The lemure hits you.
* * * LOW HITPOINT WARNING * * *
The lemure hits you but does no damage.
The river rat bites you but does no damage.
Pikel barely misses you.
The orc hits you from afar with a +0 trident.
* * * LOW HITPOINT WARNING * * *
The worm bites you but does no damage. The orc hits you but does no damage.
The river rat completely misses you. Pikel hits you but does no damage.
The lemure hits you but does no damage. The lemure hits you.
* * * LOW HITPOINT WARNING * * *
It was a potion of flight.
You feel very buoyant.
You fly up into the air.
Pikel hits you with a +0 whip of freezing.
* * * LOW HITPOINT WARNING * * *
Pikel freezes you.
You die...

........#
#.......
##...... #
...... ?♣. #....
....##.o.##
.♣....†55.#
......(@K5##..#
.♣....rwr......#
........5.......
.♣..###.........
... ..........
.. .......r... #
...........
#...........
...........


You could see Pikel, 4 lemures, a worm, 3 river rats and an orc.

Vanquished Creatures
  Sigmund (D:2)
  A black bear (D:4)
  An orc priest (D:3)
  Terence (D:2)
  3 adders
  5 dart slugs
  9 orcs
  7 endoplasms
  4 giant cockroaches
  3 goblins
  10 hobgoblins
  3 quokkas
  6 ball pythons
  3 bats
  4 frilled lizards
  2 kobolds
  2 rats
65 creatures vanquished.

Notes
Turn   | Place    | Note
-------+----------+-------------------------------------------
     0 | D:1      | JEP50 the Minotaur Berserker began the quest for the Orb.
     0 | D:1      | Reached XP level 1. HP: 19/19 MP: 0/0
   125 | D:1      | Reached XP level 2. HP: 24/27 MP: 1/1
   129 | D:1      | Reached skill level 4 in Maces & Flails
   561 | D:2      | Reached XP level 3. HP: 33/33 MP: 2/2
   737 | D:2      | Noticed Terence
   741 | D:2      | Reached ** piety under Trog
   759 | D:2      | Killed Terence
  1236 | D:2      | Reached XP level 4. HP: 41/41 MP: 3/3
  1407 | D:2      | Noticed Sigmund
  1440 | D:2      | Killed Sigmund
  1441 | D:2      | Reached skill level 5 in Fighting
  1441 | D:2      | Reached skill level 6 in Maces & Flails
  1441 | D:2      | Reached XP level 5. HP: 12/48 MP: 4/4
  1927 | D:3      | Reached XP level 6. HP: 46/56 MP: 5/5
  2039 | D:3      | Identified the +1 robe of Dogma {Int+4 SInv}
  2649 | D:4      | Noticed Pikel
  2656 | D:4      | Gained mutation: You have hidden genetic defects. [potion
                  | of mutation]
  2656 | D:4      | Gained mutation: Your movements are slightly less
                  | encumbered by armour. (ER -2) [potion of mutation]
  2660 | D:4      | HP: 1/56 [Pikel/+0 whip of freezing (4)]
  2660 | D:4      | Slain by Pikel

Illustrated notes

Levels and vault maps discovered:
D:1:      lemuel_arrival_rhombus, layout_basic, serial_curves, eino_curves_04,
          eino_curves_03, lemuel_flame_loot_1
D:2:      layout_rooms, serial_co_window_serial, co_window_paths_a,
          co_window_of_opportunity_a, co_window_corner_a, co_window_paths_a,
          co_window_paths_a, co_window_paths_b, co_window_broadway_c,
          co_window_unsneaky_path_a, co_window_paths_c, co_window_corner_b,
          co_window_2corner, co_window_corner_ca, co_window_sun,
          glass_columns_b, glass_columns_a, uniq_sigmund, uniq_terence
D:3:      layout_loops_ring
D:4:      layout_cave_pools, minitemple, minmay_temple_entry_statues_pillars,
          serial_forest, infiniplex_forest_straight_3,
          infiniplex_forest_clump_tiny, infiniplex_forest_lined_3,
          infiniplex_forest_lined_4_way, infiniplex_forest_clump_cross,
          infiniplex_forest_clump_medium, infiniplex_forest_clump_cross,
          infiniplex_forest_corner_1, portal_sewer_entry_a, uniq_edmund,
          uniq_pikel, uniq_blork_the_orc

Skill      XL: |  1  2  3  4  5  6 |
---------------+-------------------+-----
Fighting       | 4 5 |  5.3
Maces & Flails | 4 6 |  6.8
Armour         | 3 4 |  4.2
Dodging        | 3 |  3.0
Stealth        | |  0.8

Action                     |  1- 3 |  4- 6 || total
---------------------------+-------+-------++-------
  Melee: Mace              |    61 |    41 ||   102
         Punch             |     2 |       ||     2
         Headbutt          |     6 |    12 ||    18
         Morningstar       |       |    31 ||    31
  Throw: Stone             |       |     3 ||     3
    Use: Scroll            |       |     3 ||     3
         Potion            |       |     3 ||     3
   Stab: Sleeping          |     1 |       ||     1
 Armour: Animal skin       |     8 |       ||     8
         Plate armour      |    16 |    70 ||    86
  Dodge: Dodged            |    42 |    38 ||    80

Table legend: (Time is in decaauts)
 A = Elapsed time spent in this place.
 B = Non-inter-level travel time spent in this place.
 C = Inter-level travel time spent in this place.
 D = Time resting spent in this place.
 E = Time spent auto-exploring this place.
 F = Levels seen in this place.
 G = Mean time per level.
                   A        B        C        D        E       F      G
               +--------+--------+--------+--------+--------+-----+--------+
         Total |   2686 |   2102 |    584 |      0 |   1434 |   4 |  671.5 |
       Dungeon |   2686 |   2102 |    584 |      0 |   1434 |   4 |  671.5 |
               +--------+--------+--------+--------+--------+-----+--------+

Top non-repeatable levels by time:
     D:2: 1413 daAuts
     D:3: 694 daAuts
     D:1: 558 daAuts
     D:4: 20 daAuts
